 Dungeon Crawl Stone Soup version 0.19-a0-1268-g6c5d9f8 (webtiles) character file.

8224 epen the Basher (level 11, -4/92 HPs)
             Began as a Centaur Monk on Aug 29, 2016.
             Was a High Priest of Okawaru.
             Slain by a hill giant
             ... wielding a +0 giant club
              (23 damage)
             ... on level 11 of the Dungeon.
             The game lasted 00:25:13 (12940 turns).

epen the Basher (Centaur Monk)                     Turns: 12940, Time: 00:25:14

Health: -4/92      AC:  5    Str: 18      XL:     11   Next: 7%
Magic:  14/14      EV:  9    Int:  8 (9)  God:    Okawaru [*****.]
Gold:   610        SH:  0    Dex:  9      Spells: 1 memorised, 9 levels left

rFire  . . .     SeeInvis .     D - +2 whip (elec)
rCold  . . .     Gourm    .     u - +2 scale mail {MR+}
rNeg   . . .     Faith    .     (no shield)
rPois  .         Spirit   .     (helmet restricted)
rElec  .         Dismiss  .     (no cloak)
rCorr  .         Reflect  .     (no gloves)
MR     +....     Harm     .     (no barding)
Stlth  ..........               (no amulet)
                                H - ring of loudness (curse)
                                f - +1 ring of slaying (curse)

@: corroded, very quick
A: hooves 3, horns 1, clumsy 1, deformed body, deterioration 1, speed 2, tough
skin 3
a: Heroism, Finesse, Renounce Religion


You were on level 11 of the Dungeon.
You worshipped Okawaru.
Okawaru was extremely pleased with you.
You were not hungry.

You visited 2 branches of the dungeon, and saw 12 of its levels.
You also visited: Ossuary.

You collected 610 gold pieces.

Inventory:

Hand Weapons
 a - a +0 mace
 e - a +3 whip of venom
 m - a cursed +0 morningstar
 D - a +2 whip of electrocution (weapon)
Armour
 b - a +0 robe
 u - a +2 scale mail of magic resistance (worn)
 x - a +0 pair of gloves
Jewellery
 f - a cursed +1 ring of slaying (left hand)
 n - an uncursed ring of see invisible
 o - an uncursed ring of magical power
 s - an uncursed ring of wizardry
 C - an uncursed ring of protection from cold
 H - a cursed ring of loudness (right hand)
Wands
 y - a wand of random effects (24/48)
 G - a wand of polymorph (6/24)
Scrolls
 h - 2 scrolls of teleportation
 i - 2 scrolls of recharging
 k - 2 scrolls of blinking
 q - 3 scrolls of enchant armour
 t - 5 scrolls of fear
 B - a scroll of enchant weapon
 F - 2 scrolls of fog
 K - a scroll of amnesia
Potions
 l - 4 potions of lignification
 r - 4 potions of agility
 v - a potion of heal wounds
 w - a potion of resistance {unknown}
 z - 2 potions of might
 A - a potion of berserk rage
 E - a potion of invisibility {unknown}
 L - a potion of magic {unknown}
 O - a potion of curing
Books
 j - a book of Party Tricks

   Spells                             Type                      Level
   a - Summon Butterflies             Summoning                    1
   b - Apportation                    Translocation                1
   c - Tukima's Dance                 Hexes                        3
   d - Alistair's Intoxication        Transmutation/Poison         5
   e - Invisibility                   Hexes                        6
 J - a book of Fire

   Spells                             Type                      Level
   a - Ignite Poison                  Fire/Transmutation/Poison    3
   b - Fireball                       Conjuration/Fire             5
   c - Bolt of Fire                   Conjuration/Fire             6
   d - Delayed Fireball               Conjuration/Fire             7
   e - Ring of Flames                 Charms/Fire                  7
 M - a book of Callings

   Spells                             Type                      Level
   a - Summon Small Mammal            Summoning                    1
   b - Call Imp                       Summoning                    2
   c - Call Canine Familiar           Summoning                    3
   d - Summon Guardian Golem          Hexes/Summoning              3
   e - Summon Lightning Spire         Summoning/Air                4
   f - Summon Ice Beast               Ice/Summoning                4
Comestibles
 c - 11 bread rations
 d - 4 fruits
 g - 3 meat rations
 p - 7 beef jerkies
 I - 7 slices of pizza


   Skills:
 + Level 7.4 Fighting
 * Level 9.5 Maces & Flails
 * Level 7.2 Armour
 + Level 5.5 Dodging
 - Level 1.2 Stealth
 + Level 4.3 Invocations


You had 9 spell levels left.
You knew the following spells:

 Your Spells              Type           Power        Failure   Level  Hunger
a - Apportation           Tloc           #.........   94%         1    ##.....


Dungeon Overview and Level Annotations

Branches:
Dungeon (11/15)            Temple (1/1) D:6            Lair (0/6) D:9
    Orc (0/2) D:11

Altars:
Ashenzari
Cheibriados
Dithmenos
Elyvilon
Fedhas
Gozag
Hepliaklqana
Kikubaaqudgha
Makhleb
Nemelex Xobeh
Okawaru
Qazlal
Ru
Sif Muna
Trog
Uskayaw
Vehumet
Xom
Yredelemnul
Zin
The Shining One

Shops:
D:9 :

Annotations:
D:8 Erica
D:11 Snorg


Innate Abilities, Weirdness & Mutations

You have hooves in place of feet.
Armour fits poorly on your strangely shaped body.
You cover ground very quickly.
You have extremely tough skin. (AC +3)
You have a pair of small horns on your head.
You are clumsy. (Dex -2)
Your body sometimes deteriorates upon taking damage.


Message History

The giant gecko bites you but does no damage.
You miss the giant gecko. You headbutt the giant gecko.
You kill the giant gecko!
Okawaru accepts your kill.
You hit the hill giant.
The hill giant is lightly wounded.
You hit the hill giant. You kick the hill giant.
The hill giant is lightly wounded.
The hill giant hits you with a giant club!
* * * LOW HITPOINT WARNING * * *
You whack the hill giant! You headbutt the hill giant.
The hill giant is moderately wounded.
The brown ugly thing bites you.
* * * LOW HITPOINT WARNING * * *
You are splashed with acid!
The acid corrodes you!
The acid burns!
* * * LOW HITPOINT WARNING * * *
You hit the hill giant.
The hill giant is moderately wounded.
The hill giant hits you with a giant club!!
You die...

....# ######..........#...# ....#
#..................#. ....#
######.####............#.. ....#
#....u.# #............... ....##
#.....## #..............#
.....###....:# #>.>............
####.........#####.........###...
#...........u.#..$........C..C
#.........###@#.######.#.###..
#.........# #.C.## ####### ##.
###.....######...###...# #..
#.###.##........)).8.# #.8 #.#
#.#...########...# ##.. #.# #.#+#
##)#'###'## ..# #.+ #.##...## .##
..# #.##.>.# #)##...##


You could see a brown ugly thing and a hill giant.

Vanquished Creatures
  Pikel (D:5)
  A hill giant (D:10)
  Psyche (D:8)
  A gargoyle (D:10)
  Prince Ribbit (D:7)
  2 wraiths (Ossuary)
  A human (D:8)
  2 hogs (D:8)
  6 yaks
  2 hungry ghosts
  A hippogriff (D:3)
  Menkaure (D:7)
  A water moccasin (D:7)
  2 hell hounds (D:9)
  4 orc warriors
  2 wasps (D:6)
  A slave (D:5)
  6 ogres
  2 sky beasts
  2 phantoms
  The ghost of flowsnake the Grasshopper, an amateur CeWr (D:3)
  3 centaurs
  A crocodile (D:7)
  Blork the orc (D:4)
  4 giant frogs
  A big kobold (D:7)
  A wyvern zombie (D:9)
  3 wights (Ossuary)
  A scorpion (D:5)
  5 killer bees (D:7)
  A howler monkey (D:10)
  5 crimson imps
  A giant frog zombie (D:6)
  A centaur zombie (D:9)
  2 centaur skeletons
  3 jellies
  A wasp zombie (D:9)
  A gnoll shaman (D:5)
  3 orc priests
  2 hounds
  7 orc wizards
  2 iguanas
  Natasha (thrice) (D:3)
  4 worker ants
  3 hound zombies
  A howler monkey zombie (D:9)
  7 gnolls
  A howler monkey skeleton (D:4)
  9 adders
  A shadow imp (D:6)
  3 oozes
  3 worms
  4 dart slugs
  8 giant geckos
  55 orcs
  4 giant cockroaches
  6 goblins
  4 hobgoblins
  6 jackals
  3 quokkas
  A ball python skeleton (Ossuary)
  9 bats
  A giant gecko skeleton (D:9)
  10 giant newts
  A hobgoblin skeleton (Ossuary)
  A hobgoblin zombie (Ossuary)
  16 kobolds
  2 orc skeletons (Ossuary)
  3 orc zombies (Ossuary)
  9 rats
268 creatures vanquished.

Vanquished Creatures (others)
  A slave (D:7)
  A worker ant (D:7)
  An adder (D:8)
3 creatures vanquished.

Grand Total: 271 creatures vanquished

Notes
Turn   | Place    | Note
-------+----------+-------------------------------------------
     0 | D:1      | epen the Centaur Monk began the quest for the Orb.
     0 | D:1      | Reached XP level 1. HP: 19/19 MP: 1/1
   412 | D:1      | Reached XP level 2. HP: 26/26 MP: 2/2
   446 | D:1      | Reached skill level 3 in Maces & Flails
  1258 | D:2      | Reached XP level 3. HP: 31/31 MP: 3/3
  1682 | D:2      | Reached XP level 4. HP: 10/38 MP: 4/4
  2059 | D:2      | Reached skill level 1 in Armour
  2457 | D:3      | Noticed Natasha
  2476 | D:3      | Killed Natasha
  2476 | D:3      | Reached XP level 5. HP: 30/45 MP: 5/5
  2479 | D:3      | Reached skill level 4 in Maces & Flails
  2483 | D:3      | Noticed Natasha
  2490 | D:3      | Killed Natasha
  2840 | D:3      | Noticed Natasha
  2847 | D:3      | Killed Natasha
  2979 | D:3      | Noticed flowsnake's ghost (amateur CeWr)
  3008 | D:3      | Killed flowsnake's ghost
  3008 | D:3      | Reached XP level 6. HP: 6/52 MP: 6/6
  3279 | D:3      | Found a shattered altar of Ashenzari.
  3283 | D:3      | Found a stormy altar of Qazlal.
  3433 | D:3      | Noticed a hippogriff
  3444 | D:3      | Killed a hippogriff
  3663 | D:3      | Found a bloodstained altar of Trog.
  4117 | D:4      | Reached XP level 7. HP: 50/59 MP: 7/7
  4151 | D:4      | Noticed Blork the orc
  4156 | D:4      | Reached skill level 5 in Maces & Flails
  4176 | D:4      | Killed Blork the orc
  4393 | D:4      | Found a shattered altar of Ashenzari.
  4848 | D:5      | Entered Level 5 of the Dungeon
  5187 | D:5      | Reached XP level 8. HP: 54/67 MP: 8/8
  5413 | D:5      | Noticed Pikel
  5443 | D:5      | Killed Pikel
  5443 | D:5      | Reached skill level 5 in Fighting
  5443 | D:5      | Reached skill level 6 in Maces & Flails
  5666 | D:5      | Noticed a two-headed ogre
  6328 | D:6      | Gained mutation: You have a pair of small horns on your head. [mutagenic meat]
  6331 | D:6      | Gained mutation: You are clumsy. (Dex -2) [mutagenic meat]
  6334 | D:6      | Gained mutation: Your body sometimes deteriorates upon taking damage. [mutagenic meat]
  6337 | D:6      | Gained mutation: Your muscles are strong. (Str +2) [mutagenic meat]
  6652 | D:6      | Reached skill level 5 in Armour
  6652 | D:6      | Reached XP level 9. HP: 69/74 MP: 9/9
  6664 | D:6      | Reached skill level 7 in Maces & Flails
  6777 | D:6      | Found a shadowy altar of Dithmenos.
  6777 | D:6      | Found a staircase to the Ecumenical Temple.
  6822 | Temple   | Entered the Ecumenical Temple
  6984 | Temple   | Became a worshipper of Warmaster Okawaru
  6984 | Temple   | Reached * piety under Okawaru
  6984 | Temple   | Reached ** piety under Okawaru
  7158 | D:7      | Noticed Prince Ribbit
  7173 | D:7      | Killed Prince Ribbit
  7390 | D:7      | Noticed Menkaure
  7438 | D:7      | Found a sand-covered staircase.
  7457 | Ossuary  | Entered an ossuary
  7810 | Ossuary  | SCHOOL
  8207 | D:7      | Reached skill level 1 in Invocations
  8210 | D:7      | HP: 3/75 [killer bee (5)]
  8612 | D:7      | Reached *** piety under Okawaru
  8873 | D:7      | Killed Menkaure
  8873 | D:7      | Reached skill level 8 in Maces & Flails
  9774 | D:8      | Noticed Psyche
  9782 | D:8      | Killed Psyche
  9782 | D:8      | Reached XP level 10. HP: 76/84 MP: 11/11
  9871 | D:8      | Reached skill level 5 in Dodging
 10059 | D:8      | Noticed Erica
 10330 | D:8      | Learned a level 1 spell: Apportation
 10443 | D:8      | Reached **** piety under Okawaru
 10748 | D:8      | Lost mutation: Your muscles are strong. (Str +2) [mutagenic meat]
 10819 | D:9      | Reached skill level 9 in Maces & Flails
 11276 | D:9      | Found a staircase to the Lair.
 11342 | D:9      | Reached ***** piety under Okawaru
 11744 | D:9      | Found Deatwesomm's Book Shop.
 11837 | D:10     | Entered Level 10 of the Dungeon
 11974 | D:10     | Noticed a hill giant
 12004 | D:10     | Noticed a gargoyle
 12022 | D:10     | Killed a gargoyle
 12025 | D:10     | Found a snail-covered altar of Cheibriados.
 12390 | D:10     | Killed a hill giant
 12390 | D:10     | Reached XP level 11. HP: 46/92 MP: 11/14
 12705 | D:11     | Found a staircase to the Orcish Mines.
 12749 | D:11     | Noticed a hill giant
 12770 | D:11     | Noticed Snorg
 12817 | D:11     | Noticed a brown ugly thing
 12940 | D:11     | Slain by a hill giant

Vault maps used:
D:1:      dpeg_arrival_central
D:2:      minmay_octomino_e4
D:3:      minitemple, old_standard_altar, first_bread, uniq_natasha
D:4:      ashenzari_altar_1, uniq_blork_the_orc
D:5:      lightli_corner_chamber, uniq_pikel
D:6:      grunt_dithmenos_smoke
D:7:      enter_ossuary_1, uniq_prince_ribbit1, uniq_menkaure
D:8:      grunt_livestock, uniq_psyche, uniq_erica
D:9:      minmay_lair_entry_lava, serial_shops, nicolae_shop_window_shopping
D:10:     basic_altar
D:11:     hiddenorc2_lemuel, serial_shops, nicolae_shop_behind_doors,
          lab_entry_generic, minmay_splitting_lines, hex_medium,
          nicolae_zen_rock_garden, uniq_snorg
Temple:   dpeg_five_rooms_temple
Ossuary:  ossuary_due_cavern

Skill      XL: |  1  2  3  4  5  6  7  8  9 10 |
---------------+-------------------------------+-----
Maces & Flails | 3 4 5 6 8 9 |  9.5
Armour         | 1 2 3 5 6 7 |  7.2
Fighting       | 4 5 6 7 |  7.4
Dodging        | 3 4 5 |  5.5
Invocations    | 2 4 |  4.3
Stealth        | |  1.2

Action                   |  1- 3 |  4- 6 |  7- 9 | 10-12 || total
-------------------------+-------+-------+-------+-------++-------
Melee: Mace              |    17 |       |       |       ||    17
       Kick              |    13 |    50 |    80 |    88 ||   231
       Whip              |    75 |   178 |   372 |   358 ||   983
       Headbutt          |       |       |    34 |    63 ||    97
       Punch             |       |       |     1 |     1 ||     2
Invok: Heroism           |       |       |     4 |     3 ||     7
Evoke: Wand              |       |       |       |     1 ||     1
  Use: Scroll            |       |     7 |    10 |     7 ||    24
       Potion            |       |       |     4 |     2 ||     6
  Eat: Chunk             |     1 |     7 |    14 |     9 ||    31
       Royal jelly       |       |       |     1 |       ||     1
       Pizza             |       |       |     1 |       ||     1
       Beef jerky        |       |       |     1 |       ||     1
       Meat ration       |       |       |       |     1 ||     1
Armor: Robe              |    32 |     1 |       |       ||    33
       Scale mail        |       |    55 |   116 |    88 ||   259
Dodge: Dodged            |    49 |    76 |   133 |    90 ||   348
